AoeStats
← litomysl

Nomad

509488784Analyzed
4v4 RM · 6d ago on Sep 26, 2026· 65m 23s· 8 players
Game mode
Random Map
Map size
231×231
Population
200
Speed
Normal
Resources
Standard
Victory
Conquest
Starting age
Dark Age
Ending age
Imperial Age
RankedLock teamsTeams togetherTeam positionsShared explorationLock speedFull tech treeHidden civsTurbo modeCheats
Victory
Defeat
🇪🇸 Vietnamese · Spain
804
+17
🇪🇸 Persians · Spain
800
+18
🇬🇧 Persians · United Kingdom
777
+19
🇨🇦 Celts · Canada
775
+18
🇩🇴 Varangians · Dominican Republic
852
-49
🇩🇪 Khmer · Germany
840
-18
🇺🇸 Teutons · United States
837
-18
🇺🇸 Khmer · United States
814
-17
BOOSON 8
6:20 Loom
21:31 Feudal Age
22:19 Fishing Lines
23:21 Double-Bit Axe
23:18 Horse Collar
27:26 Gold Mining
27:27 Stone Mining
34:21 Castle Age
32:58 Wheelbarrow
33:38 Wheelbarrow
46:27 Gold Shaft Mining
46:28 Stone Shaft Mining
52:42 Imperial Age
50:15 Heavy Plow
51:28 Caravan
53:09 Coinage
52:28 Elite War Elephant
57:21 Medium Warships
59:08 Heavy Warships
62:29 Fletching
62:40 Padded Archer Armor
62:41 Scale Mail Armor
62:52 Forging
62:47 Scale Barding Armor
64:23 Leather Archer Armor
64:04 Bodkin Arrow
64:30 Murder Holes
64:46 Careening
64:47 Clinker Construction
64:58 Ballistics
64:44 Siphons
64:30 Heated Shot
64:51 Masonry
65:42 Chemistry
64:33 Guard Tower
laxss
16:14 Feudal Age
17:13 Horse Collar
18:14 Double-Bit Axe
22:46 Castle Age
20:52 Gold Mining
20:55 Stone Mining
20:58 Fishing Lines
23:02 Fletching
23:25 Forging
23:19 Padded Archer Armor
23:41 Forging
23:32 Scale Mail Armor
23:41 Scale Barding Armor
23:33 Gillnets
25:43 Wheelbarrow
25:50 Bodkin Arrow
26:15 Leather Archer Armor
26:42 Iron Casting
26:22 Chain Mail Armor
26:53 Stone Shaft Mining
26:31 Heavy Plow
26:51 Bow Saw
28:06 Hand Cart
27:38 Town Watch
28:12 Caravan
28:28 Loom
28:13 Crossbowman
30:03 Town Patrol
31:07 Ballistics
31:12 Thumb Ring
39:17 Imperial Age
41:28 Two-Man Saw
41:01 Crop Rotation
39:54 Arbalester
40:37 Bracer
41:35 Ring Archer Armor
41:57 Paper Money
43:12 Chemistry
42:19 Siege Engineers
55:08 Pikeman
55:12 Elite Fire Lancer
55:56 Squires
55:41 Arson
60:55 Spies/Treason
62:52 Medium Warships
62:04 Demolition Ship
64:02 Heavy Warships
PeiKahn
10:27 Loom
19:17 Feudal Age
21:39 Man-at-Arms
25:01 Double-Bit Axe
24:59 Fishing Lines
26:07 Fletching
26:15 Gold Mining
26:43 Stone Mining
27:52 Forging
35:16 Castle Age
38:38 Bodkin Arrow
53:35 Stone Shaft Mining
54:19 Caravan
56:15 Bloodlines
56:06 Husbandry
61:53 Wheelbarrow
64:30 Medium Warships
64:41 Hand Cart
sensticks
7:08 Loom
17:24 Feudal Age
18:45 Wheelbarrow
17:57 Double-Bit Axe
18:34 Fishing Lines
20:07 Gold Mining
20:18 Stone Mining
23:05 Castle Age
24:11 Bow Saw
25:37 Hand Cart
26:26 Town Watch
28:15 Gold Shaft Mining
35:00 Imperial Age
35:05 Arson
35:34 Forging
35:24 Scale Mail Armor
36:09 Elite Woad Raider
38:01 Pikeman
39:11 Elite Skirmisher
40:29 Siege Engineers
41:14 Iron Casting
40:54 Chain Mail Armor
43:55 Furor Celtica
44:06 Conscription
44:50 Chemistry
43:36 Arrowslits
46:45 Halberdier
48:43 Heavy Scorpion
51:49 Scale Barding Armor
51:36 Fletching
52:46 Blast Furnace
52:01 Chain Mail Armor
ButtSorceress
18:26 Feudal Age
24:43 Castle Age
23:25 Double-Bit Axe
23:40 Gold Mining
35:21 Imperial Age
39:48 Elite Ballista Elephant
40:29 Double Crossbow
44:40 Bow Saw
FlyAirWalker
15:53 Feudal Age
14:09 Loom
16:33 Double-Bit Axe
23:14 Castle Age
23:00 Stone Mining
Mandark39
12:45 Loom
17:13 Feudal Age
22:11 Castle Age
20:40 Double-Bit Axe
20:45 Fishing Lines
28:40 Scale Barding Armor
28:45 Forging
28:27 Fletching
29:58 Masonry
35:19 Ballistics
50:15 Imperial Age
48:21 Wheelbarrow
48:57 Bodkin Arrow
51:44 Scale Mail Armor
52:20 Iron Casting
53:09 Squires
53:00 Arson
55:25 Elite Varangian Guard
58:28 Medium Warships
61:24 Heavy Warships
litomysl
3:08 Loom
18:40 Feudal Age
24:09 Castle Age
22:02 Double-Bit Axe
26:59 Wheelbarrow
29:34 Husbandry
33:21 Hand Cart
34:58 Town Watch
40:21 Imperial Age
41:53 Double Crossbow
42:54 Cavalier
43:47 Bloodlines
44:26 Conscription
45:11 Heavy Scorpion
Connection lost

Rejoining the realm…

Still unreachable

The connection could not be restored.

Session expired

The server has moved on; the page needs a fresh start.